 Dungeon Crawl Stone Soup version 0.29.1-2-gbd0b4ee654 (webtiles) character file.

Game seed: 146519507584939109

968 DocClef the Insei (level 8, -2/90 HPs)
             Began as a Gnoll Transmuter on Nov 6, 2022.
             Slain by an orc wizard
             ... wielding a +2 dagger of venom
              (3 damage)
             ... on level 5 of the Dungeon.
             The game lasted 00:07:42 (5478 turns).

DocClef the Insei (Gnoll Transmuter)                Turns: 5478, Time: 00:07:43

Health: -2/90      AC: 24    Str: 15    XL:     8   Next: 16%
Magic:  17/17      EV:  2    Int: 14    God:
Gold:   385        SH:  0    Dex: 11    Spells: 18/19 levels left

rFire   . . .      SeeInvis .   t - +2 flail (venom)
rCold   . . .      Faith    .   (no shield)
rNeg    + . .      Spirit   .   (body armour currently unavailable)
rPois   +          Reflect  .   (helmet currently unavailable)
rElec   .          Harm     .   (cloak currently unavailable)
rCorr   .          Rampage  .   (gloves currently unavailable)
Will    .....      NoTele   +   (boots currently unavailable)
Stlth   +.........              (no amulet)
HPRegen 0.25/turn               k - ring "Haneamiz" {rN+ Str+3 Int+2 Dex-2}
MPRegen 0.15/turn               e - ring of poison resistance

@: lethally poisoned (-2 -> -10), tree-form, glowing
A: stationary, stasis, torment immunity, boosted hp, (fangs 1), strong nose,
distributed training
a: no special abilities


You were on level 5 of the Dungeon.
You were a tree.
You visited 1 branch of the dungeon, and saw 6 of its levels.
You also visited: Sewer.

You collected 385 gold pieces.

Inventory:

Hand Weapons
 t - a +2 flail of venom (weapon)
Armour
 a - a +0 robe (melded)
 f - a +1 leather armour of positive energy
Jewellery
 e - a ring of poison resistance (right branch)
 k - the ring "Haneamiz" (left branch) {rN+ Str+3 Int+2 Dex-2}
   (You found it on level 2 of the Dungeon)

   [ring of positive energy]

   Str:       It affects your strength (+3).
   Int:       It affects your intelligence (+2).
   Dex:       It affects your dexterity (-2).
   rN:        It protects you from negative energy.
Wands
 y - a wand of paralysis (23)
Scrolls
 c - 2 scrolls of identify
 g - a scroll of silence {unknown}
 i - a scroll of enchant armour {unknown}
 j - 4 scrolls of teleportation {unknown}
 l - a scroll of vulnerability {unknown}
 o - a scroll of summoning {unknown}
 q - 2 scrolls of fear {unknown}
 r - a scroll of amnesia {unknown}
 u - a scroll of noise {unknown}
 v - a scroll of enchant weapon {unknown}
Potions
 d - 4 potions of degeneration
 h - 2 potions of flight
 m - 3 potions of might {unknown}
 n - a potion of haste
 p - a potion of magic {unknown}
 s - a potion of ambrosia {unknown}
 w - 2 potions of attraction {unknown}
 x - a potion of invisibility {unknown}
 z - a potion of heal wounds {unknown}


   Skills:
 + Level 4.1 Fighting
 + Level 3.1 Short Blades
 + Level 3.1 Long Blades
 + Level 3.1 Axes
 + Level 3.1 Maces & Flails
 + Level 3.1 Polearms
 + Level 3.1 Staves
 + Level 3.1 Ranged Weapons
 + Level 3.1 Throwing
 + Level 3.1 Armour
 + Level 5.6 Dodging
 + Level 3.1 Stealth
 + Level 3.1 Shields
 + Level 7.3 Unarmed Combat
 + Level 6.0 Spellcasting
 + Level 2.5 Conjurations
 + Level 2.5 Hexes
 + Level 2.5 Summonings
 + Level 2.5 Necromancy
 + Level 2.5 Translocations
 + Level 4.6 Transmutations
 + Level 2.5 Fire Magic
 + Level 2.5 Ice Magic
 + Level 2.5 Air Magic
 + Level 2.5 Earth Magic
 + Level 2.5 Poison Magic
 + Level 3.4 Invocations
 + Level 3.1 Evocations


You had 18 spell levels left.
You knew the following spells:

 Your Spells              Type           Power      Damage    Failure   Level
a - Beastly Appendage     Tmut           34%        N/A       2%          1

Your spell library contained the following spells:

 Spells                   Type           Power      Damage    Failure   Level
 Wereblood                Tmut           17%        N/A       3%          2
 Passwall                 Tmut/Erth      11%        N/A       5%          2
 Ensorcelled Hibernation  Hex/Ice        22%        N/A       9%          2
 Spider Form              Tmut/Pois      14%        N/A       11%         3
 Swiftness                Air            11%        N/A       17%         3
 Ice Form                 Ice/Tmut       14%        N/A       34%         4


Dungeon Overview and Level Annotations

Branches:
Dungeon (6/15)              Sewer (visited)
 Temple: D:4-7

Altars:
Gozag
Nemelex Xobeh
Vehumet
Xom

Annotations:
D:4 1 runed translucent door, wovefish's ghost, amateur HuAr


Innate Abilities, Weirdness & Mutations

You are a tree.
Your roots penetrate the ground, keeping you stationary.
You cannot be teleported.
You are immune to unholy pain and torment.
Your maximum health is greatly increased.
Your equipment is partially melded.
((You have very sharp teeth.))
Your uncanny sense of smell can sniff out nearby items.
Your experience applies equally to all skills.


Message History

The orc hits you but does no damage.
The orc wizard points at you and mumbles some strange words.
The puff of flame hits you but does no damage.
You cannot move. (Use ctrl+direction or * direction to attack while stationary and confused.)
You cannot move. (Use ctrl+direction or * direction to attack while stationary and confused.)
You cannot move. (Use ctrl+direction or * direction to attack while stationary and confused.)
You completely miss the orc wizard.
You are no longer corroded.
The orc hits you but does no damage.
The orc wizard hits you but does no damage.
The orc wizard points at you and mumbles some strange words.
The puff of flame hits you but does no damage.
The orc barely misses you.
You nearly hit yourself!
The orc hits you but does no damage.
The orc wizard hits you but does no damage.
You swing at nothing.
You feel less confused. The orc hits you but does no damage.
The orc wizard hits you but does no damage.
You are poisoned.
You hit the orc wizard.
The orc wizard is poisoned.
The orc wizard is lightly wounded.
You feel sick. The orc hits you but does no damage.
The orc wizard hits you but does no damage.
You are lethally poisoned!
You hit the orc wizard but do no damage.
The orc wizard looks as sick as possible!
The orc wizard is lightly wounded.
* * * LOW HITPOINT WARNING * * *
You feel very sick. The orc hits you but does no damage.
The orc wizard hits you but does no damage.
You barely miss the orc wizard.
The orc wizard is heavily wounded.
* * * LOW HITPOINT WARNING * * *
You feel very sick. The orc hits you but does no damage.
The orc wizard hits you but does no damage.
The orc wizard hits you with a +2 dagger of venom.
You die...

##.#### ####.....###
##..........## .
#............# ..
#...........# ...
#...........## ....
#............###
.....
#............)#5.....
##.......##..♣o5.....
##......#####.o......
#......## ###......
##.##.### #.....
#..#### #.... ##..# ∆
...# #..## ### #..#
##..# ###


You could see 2 lemures, an orc wizard (extremely poisoned) and an orc.

Vanquished Creatures
  A water moccasin (Sewer)
  An ice beast (D:5)
  An ogre (D:4)
  2 necrophages (D:5)
  A scorpion (D:5)
  A howler monkey (D:4)
  An orc priest (D:4)
  A jelly (D:5)
  5 iguanas
  Terence (D:3)
  2 orc wizards (D:5)
  A mummy (D:4)
  2 river rats (D:4)
  5 adders
  An ufetubus (D:4)
  A dart slug (D:4)
  15 orcs
  8 ball pythons
  7 endoplasms
  4 giant cockroaches
  5 hobgoblins
  7 jackals
  6 quokkas
  10 bats
  4 frilled lizards
  13 goblins
  6 kobolds
  10 rats
122 creatures vanquished.

Notes
Turn   | Place    | Note
-------+----------+-------------------------------------------
     0 | D:1      | DocClef the Gnoll Transmuter began the quest for the Orb.
     0 | D:1      | Reached XP level 1. HP: 17/17 MP: 6/6
   252 | D:1      | Reached XP level 2. HP: 23/23 MP: 7/7
   508 | D:1      | Found a faded altar of an unknown god.
   883 | D:1      | Reached skill level 5 in Spellcasting
   883 | D:1      | Reached XP level 3. HP: 26/28 MP: 6/9
  1154 | D:1      | Reached skill level 1 in Invocations
  1437 | D:2      | Reached skill level 1 in Short Blades
  1437 | D:2      | Reached skill level 1 in Long Blades
  1437 | D:2      | Reached skill level 1 in Axes
  1437 | D:2      | Reached skill level 1 in Maces & Flails
  1437 | D:2      | Reached skill level 1 in Polearms
  1437 | D:2      | Reached skill level 1 in Staves
  1437 | D:2      | Reached skill level 1 in Ranged Weapons
  1437 | D:2      | Reached skill level 1 in Throwing
  1437 | D:2      | Reached skill level 1 in Armour
  1437 | D:2      | Reached skill level 1 in Stealth
  1437 | D:2      | Reached skill level 1 in Shields
  1437 | D:2      | Reached skill level 1 in Evocations
  1824 | D:2      | Identified the ring "Haneamiz" {rN+ Str+3 Int+2 Dex-2}
  1879 | D:3      | Noticed Terence
  1889 | D:3      | Reached XP level 4. HP: 33/34 MP: 9/11
  1897 | D:3      | Killed Terence
  1898 | D:3      | Reached skill level 1 in Conjurations
  1898 | D:3      | Reached skill level 1 in Hexes
  1898 | D:3      | Reached skill level 1 in Summonings
  1898 | D:3      | Reached skill level 1 in Necromancy
  1898 | D:3      | Reached skill level 1 in Translocations
  1898 | D:3      | Reached skill level 1 in Fire Magic
  1898 | D:3      | Reached skill level 1 in Ice Magic
  1898 | D:3      | Reached skill level 1 in Air Magic
  1898 | D:3      | Reached skill level 1 in Earth Magic
  1898 | D:3      | Reached skill level 1 in Poison Magic
  2048 | D:3      | You fall into a shaft and drop 3 floors!
  2075 | D:5      | Entered Level 5 of the Dungeon
  2075 | D:5      | Noticed a necrophage
  2087 | D:6      | Reached XP level 5. HP: 33/41 MP: 10/12
  2292 | D:5      | Reached skill level 5 in Dodging
  2292 | D:5      | Reached XP level 6. HP: 34/47 MP: 12/14
  2951 | D:4      | Found a radiant altar of Vehumet.
  2951 | D:4      | Found an opulent altar of Gozag.
  3012 | D:4      | Found a glowing drain.
  3037 | Sewer    | Entered a sewer
  3154 | Sewer    | Reached XP level 7. HP: 52/52 MP: 15/15
  3210 | Sewer    | Reached skill level 7 in Unarmed Combat
  3516 | D:4      | Found a sparkling altar of Nemelex Xobeh.
  3579 | D:4      | Found a shimmering altar of Xom.
  4081 | D:4      | Found a runed translucent door.
  4105 | D:4      | Noticed wovefish's ghost (amateur HuAr)
  5277 | D:5      | Reached XP level 8. HP: 47/60 MP: 16/16
  5477 | D:5      | HP: 3/90 [poisoned by an orc wizard]
  5478 | D:5      | HP: 1/90 [poisoned by an orc wizard]
  5478 | D:5      | Slain by an orc wizard

Illustrated notes

Levels and vault maps discovered:
D:1:      dpeg_arrival_central, layout_basic, basic_ecumenical_altar,
          minmay_tetromino_s4
D:2:      layout_basic
D:3:      layout_basic, uniq_terence
D:4:      layout_cave_pools, xom_teletrap_fun,
          gammafunk_temple_overflow_elements, mainiacjoe_overflow_24_doors,
          portal_sewer_entry_a, gup_ossuary_entry_pyramid, ebering_ghost_sewer_d
D:5:      layout_cave_pods, uniq_pikel, uniq_ijyb
D:6:      layout_cave_pools, serial_shops, nicolae_shop_window_shopping,
          chequers_mini_garden, nicolae_fountain_basement

Skill      XL: |  1  2  3  4  5  6  7  8 |
---------------+-------------------------+-----
Spellcasting   | 5 6 |  6.0
Invocations    | 1 2 3 |  3.4
Short Blades   | 1 2 3 |  3.1
Long Blades    | 1 2 3 |  3.1
Axes           | 1 2 3 |  3.1
Maces & Flails | 1 2 3 |  3.1
Polearms       | 1 2 3 |  3.1
Staves         | 1 2 3 |  3.1
Ranged Weapons | 1 2 3 |  3.1
Throwing       | 1 2 3 |  3.1
Armour         | 1 2 3 |  3.1
Stealth        | 1 2 3 |  3.1
Shields        | 1 2 3 |  3.1
Evocations     | 1 2 3 |  3.1
Conjurations   | 1 2 |  2.5
Hexes          | 1 2 |  2.5
Summonings     | 1 2 |  2.5
Necromancy     | 1 2 |  2.5
Translocations | 1 2 |  2.5
Fire Magic     | 1 2 |  2.5
Ice Magic      | 1 2 |  2.5
Air Magic      | 1 2 |  2.5
Earth Magic    | 1 2 |  2.5
Poison Magic   | 1 2 |  2.5
Fighting       | 3 4 |  4.1
Transmutations | 4 |  4.6
Dodging        | 5 |  5.6
Unarmed Combat | 7 |  7.3

Action                   |  1- 3 |  4- 6 |  7- 9 || total
-------------------------+-------+-------+-------++-------
Melee: Unarmed           |    94 |   108 |    48 ||   250
       Kick              |    16 |    21 |    20 ||    57
       Bite              |     4 |    13 |    12 ||    29
       Headbutt          |     4 |    12 |    13 ||    29
       Punch             |     1 |     7 |     5 ||    13
       Flail             |       |       |    61 ||    61
 Cast: Beastly Appendage |    19 |    14 |    15 ||    48
  Use: Scroll            |       |     3 |       ||     3
       Potion            |       |       |     1 ||     1
 Stab: Sleeping          |     2 |       |     7 ||     9
Armor: Robe              |    13 |     7 |     8 ||    28
       Skin              |       |       |    15 ||    15
Dodge: Dodged            |    51 |    82 |    68 ||   201
